[Event "GambitGuide"]
[Site "Internet Chess Club"]
[Date "2014.10.31"]
[Round "1"]
[White "JSBach"]
[Black "Roaringknights"]
[Result "0-1"]
[ICCResult "White checkmated"]
[WhiteElo "1638"]
[BlackElo "1808"]
[Opening "Vienna: `Frankenstein-Dracula' variation"]
[ECO "C27"]
[NIC "VG.02"]
[Time "09:57:40"]
[TimeControl "120+12"]

1. e4 e5 2. Nc3 Nf6 3. Bc4 Nxe4 4. Qh5 Nd6 5. Bb3 Nc6 6. Nb5 g6 7. Qf3 f5 8.
Qd5 Qe7 9. Nxc7+ Kd8 10. Nxa8 b6 11. d3 f4 12. Ba4 Bb7 13. Nxb6 axb6 14. Qb3
Kc7 15. Nf3 Bg7 16. c4 g5 17. Bd2 g4 18. c5 bxc5 19. Ng1 Nd4 20. Qc3 Bxg2
21. Qxc5+ Nc6 22. Bxc6 dxc6 23. Qa7+ Nb7 24. Ba5+ Kd6 25. Bb4+ c5 26. Qb6+
Kd7 27. f3 Kc8 28. Bxc5 Qxc5 29. Qe6+ Kb8 30. Qxg4 Qe3+ 31. Ne2 Bxf3 32.
Qxf3 Qxf3 33. Rg1 Bf6 34. d4 exd4 35. Rf1 Bh4+ 36. Kd2 Qe3+ 37. Kc2 d3+ 38.
Kb3 dxe2+ 39. Ka4 exf1=Q 40. Rxf1 Kc7 41. Ra1 Ra8+ 42. Kb4 Qd4+ 43. Kb3 Nc5+
44. Kc2 Qd3+ 45. Kc1 f3 46. b3 Qc3+ 47. Kb1 Nd3 48. h3 Qb2# {White
checkmated} 0-1

[Event "GambitGuide"]
[Site "Internet Chess Club"]
[Date "2014.10.31"]
[Round "1"]
[White "JSBach"]
[Black "DOLATA"]
[Result "1-0"]
[ICCResult "Black resigns"]
[WhiteElo "1638"]
[BlackElo "2094"]
[Opening "Vienna: `Frankenstein-Dracula' variation"]
[ECO "C27"]
[NIC "VG.02"]
[Time "10:00:04"]
[TimeControl "120+12"]

1. e4 e5 2. Nc3 Nf6 3. Bc4 Nxe4 4. Qh5 Nd6 5. Bb3 Nc6 6. Nb5 g6 7. Qf3 f5 8.
Qd5 Qe7 9. Nxc7+ Kd8 10. Nxa8 b6 11. d3 Bb7 12. Nxb6 axb6 13. Qf3 e4 14.
dxe4 Nxe4 15. Be3 Qe5 16. Bxb6+ Kc8 17. Ne2 d5 18. Rd1 Nf6 19. Bxd5 Nxd5 20.
Qxd5 Qxd5 21. Rxd5 Be7 22. O-O Nb4 23. Re5 Bd6 24. Re3 Nxc2 25. Rc3+ Kb8 26.
Rxc2 Re8 27. a4 Be4 28. Rd2 Bb4 29. Nc3 Bc6 30. a5 Kb7 31. Re2 Rf8 32. Re6
Rf7 33. a6+ Kxb6 34. Nd5+ Kc5 35. Nxb4 Bb5 36. Ra1 Kxb4 37. a7 Rf8 38. a8=Q
Rxa8 39. Rxa8 {Black resigns} 1-0

[Event "GambitGuide"]
[Site "Internet Chess Club"]
[Date "2014.10.31"]
[Round "1"]
[White "JSBach"]
[Black "ClubberLang"]
[Result "1-0"]
[ICCResult "Black resigns"]
[WhiteElo "1638"]
[BlackElo "1684"]
[Opening "Vienna: `Frankenstein-Dracula' variation"]
[ECO "C27"]
[NIC "VG.02"]
[Time "10:01:48"]
[TimeControl "120+12"]

1. e4 e5 2. Nc3 Nf6 3. Bc4 Nxe4 4. Qh5 Nd6 5. Bb3 Nc6 6. Nb5 g6 7. Qf3 f5 8.
Qd5 Qe7 9. Nxc7+ Kd8 10. Nxa8 b6 11. d3 Bb7 12. Nxb6 axb6 13. Qf3 Nd4 14.
Qg3 f4 15. Qg4 e4 16. Kf1 exd3 17. cxd3 Nxb3 18. axb3 {Black resigns} 1-0

[Event "GambitGuide"]
[Site "Internet Chess Club"]
[Date "2014.10.31"]
[Round "1"]
[White "JSBach"]
[Black "Littlegiorgio"]
[Result "1-0"]
[ICCResult "Black checkmated"]
[WhiteElo "1633"]
[BlackElo "987"]
[Opening "Vienna: `Frankenstein-Dracula' variation"]
[ECO "C27"]
[NIC "VG.02"]
[Time "10:00:53"]
[TimeControl "120+12"]

1. e4 e5 2. Nc3 Nf6 3. Bc4 Nxe4 4. Qh5 Nd6 5. Bb3 Nc6 6. Nb5 g6 7. Qf3 f5 8.
Qd5 Qe7 9. Nxc7+ Kd8 10. Nxa8 b6 11. d3 Bb7 12. Nxb6 axb6 13. Qf3 e4 14.
dxe4 Nxe4 15. Be3 Qb4+ 16. c3 Qd6 17. Bxb6+ Kc8 18. Rd1 Qf6 19. Qd3 d6 20.
Qb5 Qe5 21. Qxe5 dxe5 22. f3 Nf6 23. a4 e4 24. a5 Nb8 25. Rd8#
{Black checkmated}
1-0

[Event "GambitGuide"]
[Site "Internet Chess Club"]
[Date "2014.10.31"]
[Round "1"]
[White "JSBach"]
[Black "fearlessone"]
[Result "1-0"]
[ICCResult "Black resigns"]
[WhiteElo "1619"]
[BlackElo "1812"]
[Opening "Vienna: `Frankenstein-Dracula' variation"]
[ECO "C27"]
[NIC "VG.02"]
[Time "10:00:57"]
[TimeControl "120+12"]

1. e4 e5 2. Nc3 Nf6 3. Bc4 Nxe4 4. Qh5 Nd6 5. Bb3 Nc6 6. Nb5 g6 7. Qf3 f5 8.
Qd5 Qe7 9. Nxc7+ Kd8 10. Nxa8 b6 11. d3 Bb7 12. Nxb6 axb6 13. Qf3 Bg7 14.
Be3 h6 15. Bxb6+ Kc8 16. Qd5 e4 17. dxe4 Nxe4 18. O-O-O Nxf2 19. Bxf2 Re8
20. Bc5 Qg5+ 21. Kb1 Qf6 22. Qxd7+ Kb8 23. Qxe8+ Bc8 24. c3 f4 25. Bc2
{Black resigns}
1-0

[Event "GambitGuide"]
[Site "Internet Chess Club"]
[Date "2014.10.31"]
[Round "1"]
[White "JSBach"]
[Black "ClubberLang"]
[Result "1-0"]
[ICCResult "Black checkmated"]
[WhiteElo "1633"]
[BlackElo "1684"]
[Opening "Vienna: `Frankenstein-Dracula' variation"]
[ECO "C27"]
[NIC "VG.02"]
[Time "10:02:17"]
[TimeControl "120+12"]

1. e4 e5 2. Nc3 Nf6 3. Bc4 Nxe4 4. Qh5 Nd6 5. Bb3 Nc6 6. Nb5 g6 7. Qf3 f5 8.
Qd5 Qe7 9. Nxc7+ Kd8 10. Nxa8 b6 11. d3 Bb7 12. Nxb6 axb6 13. Qf3 Nd4 14.
Qg3 f4 15. Qg4 e4 16. Kf1 exd3 17. cxd3 Bg7 18. Qxf4 Re8 19. Be3 N4f5 20.
Bxb6+ Kc8 21. Rc1+ Kb8 22. Qd2 Bh6 23. Bc7+ Ka7 24. Qa5+ Ba6 25. Qb6+ Ka8
26. Qxa6# {Black checkmated} 1-0

[Event "GambitGuide"]
[Site "Internet Chess Club"]
[Date "2014.10.31"]
[Round "1"]
[White "JSBach"]
[Black "Roaringknights"]
[Result "1-0"]
[ICCResult "Black resigns"]
[WhiteElo "1633"]
[BlackElo "1808"]
[Opening "Vienna: `Frankenstein-Dracula' variation"]
[ECO "C27"]
[NIC "VG.02"]
[Time "10:02:26"]
[TimeControl "120+12"]

1. e4 e5 2. Nc3 Nf6 3. Bc4 Nxe4 4. Qh5 Nd6 5. Bb3 Nc6 6. Nb5 g6 7. Qf3 f5 8.
Qd5 Qe7 9. Nxc7+ Kd8 10. Nxa8 b6 11. d3 Bb7 12. Nxb6 axb6 13. Qf3 g5 14. Qe3
f4 15. Qxb6+ Kc8 16. Bd5 e4 17. Ne2 f3 18. gxf3 exf3 19. Bxf3 Nd4 20. Bxb7+
Nxb7 21. Qxd4 Bg7 22. Qg4 h5 23. Qxg5 Bf6 24. Qd5 {Black resigns} 1-0

[Event "GambitGuide"]
[Site "Internet Chess Club"]
[Date "2014.10.31"]
[Round "1"]
[White "JSBach"]
[Black "modern1054"]
[Result "1-0"]
[ICCResult "Black resigns"]
[WhiteElo "1633"]
[BlackElo "1520"]
[Opening "Vienna: `Frankenstein-Dracula' variation"]
[ECO "C27"]
[NIC "VG.02"]
[Time "10:03:36"]
[TimeControl "120+12"]

1. e4 e5 2. Nc3 Nf6 3. Bc4 Nxe4 4. Qh5 Nd6 5. Bb3 Nc6 6. Nb5 g6 7. Qf3 f5 8.
Qd5 Qe7 9. Nxc7+ Kd8 10. Nxa8 b6 11. d3 Bg7 12. Nh3 Bb7 13. Bg5 {Black
resigns} 1-0

[Event "GambitGuide"]
[Site "Internet Chess Club"]
[Date "2014.10.31"]
[Round "1"]
[White "JSBach"]
[Black "JMontes"]
[Result "1-0"]
[ICCResult "Black resigns"]
[WhiteElo "1656"]
[BlackElo "1657"]
[Opening "Vienna: `Frankenstein-Dracula' variation"]
[ECO "C27"]
[NIC "VG.02"]
[Time "10:04:28"]
[TimeControl "120+12"]

1. e4 e5 2. Nc3 Nf6 3. Bc4 Nxe4 4. Qh5 Nd6 5. Bb3 Nc6 6. Nb5 g6 7. Qf3 f5 8.
Qd5 Qe7 9. Nxc7+ Kd8 10. Nxa8 b6 11. d3 Bb7 12. Nxb6 axb6 13. Qf3 Kc7 14.
Bd2 Nd4 15. Qg3 Bg7 16. Bg5 Qe8 17. Rc1 e4 18. Be3 exd3 19. cxd3+ Kb8 20.
Qxd6+ Ka7 21. Rc7 {Black resigns} 1-0

[Event "GambitGuide"]
[Site "Internet Chess Club"]
[Date "2014.10.31"]
[Round "1"]
[White "JSBach"]
[Black "ClubberLang"]
[Result "1-0"]
[ICCResult "Black resigns"]
[WhiteElo "1656"]
[BlackElo "1684"]
[Opening "Vienna: `Frankenstein-Dracula' variation"]
[ECO "C27"]
[NIC "VG.02"]
[Time "10:03:32"]
[TimeControl "120+12"]

1. e4 e5 2. Nc3 Nf6 3. Bc4 Nxe4 4. Qh5 Nd6 5. Bb3 Nc6 6. Nb5 g6 7. Qf3 f5 8.
Qd5 Qe7 9. Nxc7+ Kd8 10. Nxa8 b6 11. d3 Bb7 12. Nxb6 axb6 13. Qf3 e4 14.
dxe4 Nxe4 15. Be3 Bg7 16. Bxb6+ Kc8 17. Qe3 Bh6 18. f4 Qb4+ 19. c3 Qb5 20.
Ne2 Re8 21. Rd1 Nd6 22. Rd5 Rxe3 23. Bxe3 Qa6 24. Rxd6 Kc7 25. Rd1 Na5 26.
Bd5 Bxd5 27. Rxd5 Qc4 28. Rc5+ {Black resigns} 1-0

[Event "GambitGuide"]
[Site "Internet Chess Club"]
[Date "2014.10.31"]
[Round "1"]
[White "JSBach"]
[Black "JMontes"]
[Result "1-0"]
[ICCResult "Black resigns"]
[WhiteElo "1656"]
[BlackElo "1657"]
[Opening "Vienna: `Frankenstein-Dracula' variation"]
[ECO "C27"]
[NIC "VG.02"]
[Time "10:05:13"]
[TimeControl "120+12"]

1. e4 e5 2. Nc3 Nf6 3. Bc4 Nxe4 4. Qh5 Nd6 5. Bb3 Nc6 6. Nb5 g6 7. Qf3 f5 8.
Qd5 Qe7 9. Nxc7+ Kd8 10. Nxa8 b6 11. d3 Bb7 12. Nxb6 axb6 13. Qf3 e4 14. Qe3
exd3 15. cxd3 Qxe3+ 16. Bxe3 b5 17. Rc1 Ne5 18. Kf1 Nxd3 19. Rc3 Ne5 20. Bd4
Bg7 21. f4 Ne4 22. Rc2 Ba6 23. Bxe5 Bxe5 24. fxe5 Re8 25. Nf3 b4+ 26. Bc4
Bxc4+ 27. Rxc4 Nd2+ 28. Nxd2 {Black resigns} 1-0

[Event "GambitGuide"]
[Site "Internet Chess Club"]
[Date "2014.10.31"]
[Round "1"]
[White "JSBach"]
[Black "modern1054"]
[Result "1-0"]
[ICCResult "Black resigns"]
[WhiteElo "1642"]
[BlackElo "1520"]
[Opening "Vienna: `Frankenstein-Dracula' variation"]
[ECO "C27"]
[NIC "VG.02"]
[Time "10:04:42"]
[TimeControl "120+12"]

1. e4 e5 2. Nc3 Nf6 3. Bc4 Nxe4 4. Qh5 Nd6 5. Bb3 Nc6 6. Nb5 g6 7. Qf3 f5 8.
Qd5 Qe7 9. Nxc7+ Kd8 10. Nxa8 b6 11. d3 Bg7 12. Nh3 Bb7 13. Bg5 Bf6 14. Nxb6
axb6 15. Rg1 Rf8 16. Bh6 Rh8 17. Bg5 h6 18. Bxf6 Qxf6 19. Qf3 Na5 20. Qe3
Nxb3 21. Qxb6+ Ke7 22. axb3 g5 23. Ra7 Rb8 24. Qc5 Kd8 25. b4 g4 26. Qa5+
Kc8 27. f4 g3 28. fxe5 {Black resigns} 1-0

[Event "GambitGuide"]
[Site "Internet Chess Club"]
[Date "2014.10.31"]
[Round "1"]
[White "JSBach"]
[Black "DOLATA"]
[Result "1-0"]
[ICCResult "Black resigns"]
[WhiteElo "1683"]
[BlackElo "2094"]
[Opening "Vienna: `Frankenstein-Dracula' variation"]
[ECO "C27"]
[NIC "VG.02"]
[Time "10:05:13"]
[TimeControl "120+12"]

1. e4 e5 2. Nc3 Nf6 3. Bc4 Nxe4 4. Qh5 Nd6 5. Bb3 Nc6 6. Nb5 g6 7. Qf3 f5 8.
Qd5 Qe7 9. Nxc7+ Kd8 10. Nxa8 b6 11. d3 Bb7 12. Nxb6 axb6 13. Qf3 Nd4 14.
Qg3 f4 15. Qg4 N6f5 16. Ne2 Bg7 17. Nxd4 Nxd4 18. c3 Nf5 19. O-O Qd6 20. d4
h5 21. dxe5 Bxe5 22. Qg5+ Kc8 23. Rd1 Qc6 24. f3 Rf8 25. Bxf4 Bf6 26. Bd5
Qb5 27. Bxb7+ Kxb7 28. Qxg6 Qc6 29. Kh1 h4 30. Qxf5 Be7 31. Qxd7+ Qxd7 32.
Rxd7+ Kc6 33. Rxe7 {Black resigns} 1-0

[Event "GambitGuide"]
[Site "Internet Chess Club"]
[Date "2014.10.31"]
[Round "1"]
[White "JSBach"]
[Black "Schalk"]
[Result "1-0"]
[ICCResult "Black resigns"]
[WhiteElo "1683"]
[BlackElo "1653"]
[Opening "Vienna: `Frankenstein-Dracula' variation"]
[ECO "C27"]
[NIC "VG.02"]
[Time "10:05:04"]
[TimeControl "120+12"]

1. e4 e5 2. Nc3 Nf6 3. Bc4 Nxe4 4. Qh5 Nd6 5. Bb3 Nc6 6. Nb5 g6 7. Qf3 f5 8.
Qd5 Qe7 9. Nxc7+ Kd8 10. Nxa8 b6 11. d3 Bb7 12. Nxb6 axb6 13. Qf3 Kc8 14.
Be3 Nb5 15. Bxb6 Nbd4 16. Bxd4 Nxd4 17. Qh3 Nxb3 18. axb3 Kb8 19. Nf3 Bg7
20. O-O d5 21. Rfe1 e4 22. c3 Qf7 23. Ng5 Qf6 24. Nxh7 Qe7 25. dxe4 dxe4 26.
Qg3+ Kc8 27. Qxg6 Be5 28. Qxf5+ Kb8 29. f4 Rxh7 30. fxe5 Rg7 31. Red1 e3 32.
g3 Qh4 33. Qf8+ {Black resigns} 1-0

[Event "GambitGuide"]
[Site "Internet Chess Club"]
[Date "2014.10.31"]
[Round "1"]
[White "JSBach"]
[Black "ClubberLang"]
[Result "1-0"]
[ICCResult "Black resigns"]
[WhiteElo "1683"]
[BlackElo "1684"]
[Opening "Vienna: `Frankenstein-Dracula' variation"]
[ECO "C27"]
[NIC "VG.02"]
[Time "10:07:10"]
[TimeControl "120+12"]

1. e4 e5 2. Nc3 Nf6 3. Bc4 Nxe4 4. Qh5 Nd6 5. Bb3 Nc6 6. Nb5 g6 7. Qf3 f5 8.
Qd5 Qe7 9. Nxc7+ Kd8 10. Nxa8 b6 11. d3 Bb7 12. Nxb6 axb6 13. Qf3 Nd4 14.
Qg3 f4 15. Qg4 e4 16. Kf1 e3 17. Bxe3 fxe3 18. Qxd4 exf2 19. Qxh8 fxg1=Q+
20. Rxg1 {Black resigns} 1-0

[Event "GambitGuide"]
[Site "Internet Chess Club"]
[Date "2014.10.31"]
[Round "1"]
[White "JSBach"]
[Black "fearlessone"]
[Result "1-0"]
[ICCResult "Black checkmated"]
[WhiteElo "1683"]
[BlackElo "1812"]
[Opening "Vienna: `Frankenstein-Dracula' variation"]
[ECO "C27"]
[NIC "VG.02"]
[Time "10:04:29"]
[TimeControl "120+12"]

1. e4 e5 2. Nc3 Nf6 3. Bc4 Nxe4 4. Qh5 Nd6 5. Bb3 Nc6 6. Nb5 g6 7. Qf3 f5 8.
Qd5 Qe7 9. Nxc7+ Kd8 10. Nxa8 b6 11. d3 Bb7 12. Nxb6 axb6 13. Qf3 Nd4 14.
Qh3 Bg7 15. Be3 f4 16. Bxd4 exd4+ 17. Kf1 Nf5 18. Ne2 Nh4 19. Nxf4 Rf8 20.
Bd5 Bxd5 21. Nxd5 Qg5 22. Nxb6 Qf6 23. Qxd7# {Black checkmated} 1-0

[Event "GambitGuide"]
[Site "Internet Chess Club"]
[Date "2014.10.31"]
[Round "1"]
[White "JSBach"]
[Black "victorfisher01"]
[Result "1-0"]
[ICCResult "Black resigns"]
[WhiteElo "1662"]
[BlackElo "1309"]
[Opening "Vienna: `Frankenstein-Dracula' variation"]
[ECO "C27"]
[NIC "VG.02"]
[Time "10:06:24"]
[TimeControl "120+12"]

1. e4 e5 2. Nc3 Nf6 3. Bc4 Nxe4 4. Qh5 Nd6 5. Bb3 Nc6 6. Nb5 g6 7. Qf3 f5 8.
Qd5 Qe7 9. Nxc7+ Kd8 10. Nxa8 b6 11. d3 Bb7 12. Nxb6 axb6 13. Qf3 Nd4 14.
Qh3 Nxb3 15. axb3 e4 16. d4 Bg7 17. Ne2 Nf7 18. Ra7 Kc8 19. Qc3+ Kb8 20. Ra4
Rc8 21. Bf4+ d6 22. Qb4 Qc7 23. O-O g5 24. Bd2 d5 25. Rfa1 f4 26. Ra7 f3 27.
Nc3 Bxd4 28. Qxd4 {Black resigns} 1-0

[Event "GambitGuide"]
[Site "Internet Chess Club"]
[Date "2014.10.31"]
[Round "1"]
[White "JSBach"]
[Black "ottenn"]
[Result "1-0"]
[ICCResult "Black resigns"]
[WhiteElo "1662"]
[BlackElo "1934"]
[Opening "Vienna: `Frankenstein-Dracula' variation"]
[ECO "C27"]
[NIC "VG.02"]
[Time "10:07:49"]
[TimeControl "120+12"]

1. e4 e5 2. Nc3 Nf6 3. Bc4 Nxe4 4. Qh5 Nd6 5. Bb3 Nc6 6. Nb5 g6 7. Qf3 f5 8.
Qd5 Qe7 9. Nxc7+ Kd8 10. Nxa8 b6 11. d3 Bb7 12. Nxb6 axb6 13. Qf3 Nd4 14.
Qh3 e4 15. Be3 exd3 16. O-O-O Nxb3+ 17. cxb3 Bg7 18. Bxb6+ Kc8 19. Kb1 Qe5
20. Rc1+ Kb8 21. Bc7+ Ka8 22. Rc3 d2 23. Kc2 Nb5 24. Bxe5 {Black resigns}
1-0

[Event "GambitGuide"]
[Site "Internet Chess Club"]
[Date "2014.10.31"]
[Round "1"]
[White "JSBach"]
[Black "ClubberLang"]
[Result "1-0"]
[ICCResult "Black resigns"]
[WhiteElo "1662"]
[BlackElo "1684"]
[Opening "Vienna: `Frankenstein-Dracula' variation"]
[ECO "C27"]
[NIC "VG.02"]
[Time "10:08:22"]
[TimeControl "120+12"]

1. e4 e5 2. Nc3 Nf6 3. Bc4 Nxe4 4. Qh5 Nd6 5. Bb3 Nc6 6. Nb5 g6 7. Qf3 f5 8.
Qd5 Qe7 9. Nxc7+ Kd8 10. Nxa8 b6 11. d3 Bb7 12. Nxb6 axb6 13. Qf3 e4 14. Qe3
h5 15. Qxb6+ Kc8 16. Be3 f4 17. Bxf4 exd3+ 18. Be3 Nf5 19. cxd3 Bh6 20. Ne2
Re8 21. Rc1 Bxe3 22. fxe3 Nxe3 23. Rg1 Nc4 24. Qf2 Nxb2 25. Bc4 Nxc4 26.
Rxc4 Ba6 27. Rc3 {Black resigns} 1-0

[Event "GambitGuide"]
[Site "Internet Chess Club"]
[Date "2014.10.31"]
[Round "1"]
[White "JSBach"]
[Black "Schalk"]
[Result "1-0"]
[ICCResult "Black checkmated"]
[WhiteElo "1662"]
[BlackElo "1653"]
[Opening "Vienna: `Frankenstein-Dracula' variation"]
[ECO "C27"]
[NIC "VG.02"]
[Time "10:07:40"]
[TimeControl "120+12"]

1. e4 e5 2. Nc3 Nf6 3. Bc4 Nxe4 4. Qh5 Nd6 5. Bb3 Nc6 6. Nb5 g6 7. Qf3 f5 8.
Qd5 Qe7 9. Nxc7+ Kd8 10. Nxa8 b6 11. d3 Nd4 12. f4 exf4+ 13. Kd1 Nxb3 14.
axb3 Qe6 15. Qd4 Rg8 16. Qa4 Bb7 17. Qxa7 Bxg2 18. Qxb6+ Ke7 19. Nc7 Qf6 20.
Qc5 Bxh1 21. Qd5 Bxd5 22. Nxd5+ Kf7 23. Nxf6 Kxf6 24. Ra7 Ke6 25. Bxf4 Nb5
26. Ra6+ d6 27. b4 Nd4 28. Ra7 Rg7 29. Rxg7 Bxg7 30. Kd2 d5 31. b3 Kd7 32.
Ne2 Nxe2 33. Kxe2 Kc6 34. Kd2 Kb5 35. Bd6 g5 36. c4+ Kc6 37. Be7 h6 38. b5+
Kb6 39. Bd6 d4 40. b4 f4 41. Bc5+ Kb7 42. Ke2 g4 43. Kf2 h5 44. Bd6 f3 45.
c5 Bh6 46. Kg3 Be3 47. c6+ Kc8 48. b6 f2 49. b7+ Kd8 50. b8=Q#
{Black checkmated}
1-0

[Event "GambitGuide"]
[Site "Internet Chess Club"]
[Date "2014.10.31"]
[Round "1"]
[White "JSBach"]
[Black "mpj809"]
[Result "1-0"]
[ICCResult "Black checkmated"]
[WhiteElo "1662"]
[BlackElo "1623"]
[Opening "Vienna: `Frankenstein-Dracula' variation"]
[ECO "C27"]
[NIC "VG.02"]
[Time "10:09:43"]
[TimeControl "120+12"]

1. e4 e5 2. Nc3 Nf6 3. Bc4 Nxe4 4. Qh5 Nd6 5. Bb3 Nc6 6. Nb5 g6 7. Qf3 f5 8.
Qd5 Qe7 9. Nxc7+ Kd8 10. Nxa8 b6 11. d3 Nb4 12. Bg5 Nxd5 13. Bxe7+ Nxe7 14.
d4 exd4 15. Rd1 Nc6 16. c3 Bb7 17. Nxb6 axb6 18. cxd4 Be7 19. d5 Nb4 20. a3
Na6 21. Rc1 Nc5 22. Bc2 Ba6 23. Rd1 Kc7 24. b4 Ncb7 25. Nf3 Kb8 26. Ne5 Bf6
27. Nxd7+ Kc7 28. Nxf6 Kd8 29. Bd3 Ke7 30. Bxa6 Kxf6 31. Bxb7 Nxb7 32. Rd3
Re8+ 33. Kd2 Re5 34. d6 Nd8 35. Re1 Rb5 36. Re8 Nc6 37. d7 Ne5 38. d8=Q+ Kg7
39. Rg8+ Kh6 40. Rh3# {Black checkmated} 1-0

[Event "GambitGuide"]
[Site "Internet Chess Club"]
[Date "2014.10.31"]
[Round "1"]
[White "JSBach"]
[Black "mpj809"]
[Result "1/2-1/2"]
[ICCResult "Game drawn by repetition"]
[WhiteElo "1662"]
[BlackElo "1623"]
[Opening "Vienna: `Frankenstein-Dracula' variation"]
[ECO "C27"]
[NIC "VG.02"]
[Time "10:11:07"]
[TimeControl "120+12"]

1. e4 e5 2. Nc3 Nf6 3. Bc4 Nxe4 4. Qh5 Nd6 5. Bb3 Nc6 6. Nb5 g6 7. Qf3 f5 8.
Qd5 Qe7 9. Nxc7+ Kd8 10. Nxa8 b6 11. d3 Nb4 12. Bg5 Nxd5 13. Bxe7+ Nxe7 14.
d4 exd4 15. Rd1 Nc6 16. c3 d3 17. Bd5 Bb7 18. Nxb6 axb6 19. Rxd3 Ne5 20. Rd2
Bxd5 21. Rxd5 Be7 22. Rxe5 Bf6 23. Re2 Kc7 24. Nf3 Ne4 25. Kd1 d5 26. Rhe1
d4 27. cxd4 Rd8 28. Rxe4 fxe4 29. Rxe4 Kb7 30. Ke2 Ka6 31. Ne5 Bxe5 32. dxe5
Re8 33. f4 Kb5 34. Rd4 Kc5 35. Kd3 b5 36. Rd7 h6 37. Ke4 g5 38. Rd5+ Kc4 39.
Rd4+ Kc5 40. b4+ Kb6 41. Rd6+ Kc7 42. Rxh6 gxf4 43. Kxf4 Rf8+ 44. Rf6 Rg8
45. g4 Rh8 46. Kg3 Re8 47. Kf4 Rh8 48. Kg3 Re8 49. Kf4 Rh8 50. Kg3 Re8 51.
Kf4 Rh8 52. Kg3 Re8 53. Kf4 Rh8 54. Kg3 Re8 55. Kf4 Rh8 56. Kg3 Re8 57. Kf4
Rh8 58. Kg3 Re8 59. Kf4 Rh8 60. Kg3 Re8 61. Kf4 {Game drawn by repetition}
1/2-1/2

[Event "GambitGuide"]
[Site "Internet Chess Club"]
[Date "2014.10.31"]
[Round "1"]
[White "JSBach"]
[Black "victorfisher01"]
[Result "1-0"]
[ICCResult "Black resigns"]
[WhiteElo "1662"]
[BlackElo "1309"]
[Opening "Vienna: `Frankenstein-Dracula' variation"]
[ECO "C27"]
[NIC "VG.02"]
[Time "10:09:44"]
[TimeControl "120+12"]

1. e4 e5 2. Nc3 Nf6 3. Bc4 Nxe4 4. Qh5 Nd6 5. Bb3 Nc6 6. Nb5 g6 7. Qf3 f5 8.
Qd5 Qe7 9. Nxc7+ Kd8 10. Nxa8 b6 11. d3 Bb7 12. Nxb6 axb6 13. Qf3 Nd4 14.
Qh3 Nxb3 15. axb3 Bg7 16. Be3 Nc8 17. c3 d5 18. Bh6 Re8 19. Bxg7 Qxg7 20. b4
d4 21. f3 e4 22. dxe4 fxe4 23. O-O-O d3 24. Rd2 Kc7 25. Kb1 Ba6 26. Qg3+ Kb7
27. fxe4 Rxe4 28. Nf3 Qd7 29. Ne5 Qf5 30. Nxd3 Bxd3+ 31. Qxd3 Re5 32. Qxf5
Rxf5 33. Rd7+ {Black resigns} 1-0

[Event "GambitGuide"]
[Site "Internet Chess Club"]
[Date "2014.10.31"]
[Round "1"]
[White "JSBach"]
[Black "Nyana"]
[Result "1-0"]
[ICCResult "Black resigns"]
[WhiteElo "1662"]
[BlackElo "2243"]
[Opening "Vienna: `Frankenstein-Dracula' variation"]
[ECO "C27"]
[NIC "VG.02"]
[Time "10:11:49"]
[TimeControl "120+12"]

1. e4 e5 2. Nc3 Nf6 3. Bc4 Nxe4 4. Qh5 Nd6 5. Bb3 Nc6 6. Nb5 g6 7. Qf3 f5 8.
Qd5 Qe7 9. Nxc7+ Kd8 10. Nxa8 b6 11. d3 Bb7 12. Nxb6 axb6 13. Qf3 Bg7 14.
Be3 Nd4 15. Qh3 e4 16. dxe4 Nxe4 17. Rd1 Nxb3 18. cxb3 Qb4+ 19. Kf1 Ba6+ 20.
Ne2 Qb5 21. Re1 d5 22. a4 Qd3 23. Bxb6+ Kd7 24. Qxd3 Bxd3 25. Rd1 Bxe2+ 26.
Kxe2 Ke6 27. f3 Nd6 28. Bd4 {Black resigns} 1-0

[Event "GambitGuide"]
[Site "Internet Chess Club"]
[Date "2014.10.31"]
[Round "1"]
[White "JSBach"]
[Black "ClubberLang"]
[Result "0-1"]
[ICCResult "White checkmated"]
[WhiteElo "1662"]
[BlackElo "1684"]
[Opening "Vienna: `Frankenstein-Dracula' variation"]
[ECO "C27"]
[NIC "VG.02"]
[Time "10:12:13"]
[TimeControl "120+12"]

1. e4 e5 2. Nc3 Nf6 3. Bc4 Nxe4 4. Qh5 Nd6 5. Bb3 Nc6 6. Nb5 g6 7. Qf3 f5 8.
Qd5 Qe7 9. Nxc7+ Kd8 10. Nxa8 b6 11. d3 Bb7 12. Nxb6 axb6 13. Qf3 Nd4 14.
Qg3 f4 15. Qg4 e4 16. Kf1 exd3 17. cxd3 Ba6 18. Qh3 Qe4 19. Bc4 Nxc4 20.
Qh4+ Be7 21. Qh3 Ne3+ 22. fxe3 Qxd3+ 23. Ne2 Qxe2+ 24. Kg1 Qf1#
{White checkmated}
0-1

[Event "GambitGuide"]
[Site "Internet Chess Club"]
[Date "2014.10.31"]
[Round "1"]
[White "JSBach"]
[Black "Nyana"]
[Result "1-0"]
[ICCResult "Black resigns"]
[WhiteElo "1662"]
[BlackElo "2243"]
[Opening "Vienna: `Frankenstein-Dracula' variation"]
[ECO "C27"]
[NIC "VG.02"]
[Time "10:13:13"]
[TimeControl "120+12"]

1. e4 e5 2. Nc3 Nf6 3. Bc4 Nxe4 4. Qh5 Nd6 5. Bb3 Nc6 6. Nb5 g6 7. Qf3 f5 8.
Qd5 Qe7 9. Nxc7+ Kd8 10. Nxa8 b6 11. d3 Bb7 12. Nxb6 axb6 13. Qf3 e4 14.
dxe4 Nd4 15. Qg3 Nxe4 16. Qb8+ Bc8 17. Qxb6+ Ke8 18. Qxd4 {Black resigns}
1-0

[Event "GambitGuide"]
[Site "Internet Chess Club"]
[Date "2014.10.31"]
[Round "1"]
[White "JSBach"]
[Black "xionoula"]
[Result "1-0"]
[ICCResult "Black resigns"]
[WhiteElo "1662"]
[BlackElo "2176"]
[Opening "Vienna: `Frankenstein-Dracula' variation"]
[ECO "C27"]
[NIC "VG.02"]
[Time "10:10:23"]
[TimeControl "120+12"]

1. e4 e5 2. Nc3 Nf6 3. Bc4 Nxe4 4. Qh5 Nd6 5. Bb3 Nc6 6. Nb5 g6 7. Qf3 f5 8.
Qd5 Qe7 9. Nxc7+ Kd8 10. Nxa8 b6 11. d3 Bb7 12. Nxb6 axb6 13. Qf3 Nd4 14.
Qg3 f4 15. Qg4 e4 16. Kd1 exd3 17. cxd3 f3 18. Bg5 fxg2 19. Bxe7+ Bxe7 20.
Qxd4 gxh1=Q 21. Qxh8+ Kc7 22. Rc1+ Bc6 23. Kc2 Nb5 24. a4 Nd6 25. Qe5 Bh4
26. a5 b5 27. a6 Bxf2 28. Nh3 Qg2 29. Nxf2 Qxf2+ 30. Kb1 Qb6 31. Qe7 Qxa6
32. Qxh7 b4 33. Qxg6 Nb5 34. h4 Nd4 35. Bc4 Qa7 36. Qf6 b3 37. Qe5+ d6 38.
Qg7+ Bd7 39. Be6+ Kb6 40. Qxd4+ {Black resigns} 1-0

[Event "GambitGuide"]
[Site "Internet Chess Club"]
[Date "2014.10.31"]
[Round "1"]
[White "JSBach"]
[Black "chessfunblast"]
[Result "1-0"]
[ICCResult "Black checkmated"]
[WhiteElo "1662"]
[BlackElo "1188"]
[Opening "Vienna: `Frankenstein-Dracula' variation"]
[ECO "C27"]
[NIC "VG.02"]
[Time "10:14:31"]
[TimeControl "120+12"]

1. e4 e5 2. Nc3 Nf6 3. Bc4 Nxe4 4. Qh5 Nd6 5. Bb3 Nc6 6. Nb5 g6 7. Qf3 f5 8.
Qd5 Qe7 9. Nxc7+ Kd8 10. Nxa8 b6 11. d3 Qf7 12. Bg5+ Be7 13. Qxd6 Qe8 14.
Qc7# {Black checkmated} 1-0